AoeStats
← Zwanno

Arena

510148186Analyzed
1v1 RM · 1d ago on Sep 29, 2026· 53m 37s· 2 players
Game mode
Random Map
Map size
Tiny (2 player)
Population
200
Speed
Normal
Resources
Standard
Victory
Conquest
Starting age
Dark Age
Ending age
Imperial Age
RankedLock teamsTeams togetherTeam positionsShared explorationLock speedFull tech treeHidden civsTurbo modeCheats
Victory
Defeat
🇫🇷 Sicilians · France
849
+16
🇸🇰 Danes · Slovakia
850
-16
Irvindd
3:13 Loom
11:25 Feudal Age
12:51 Double-Bit Axe
16:03 Horse Collar
28:48 Castle Age
27:28 Forging
27:36 Gold Mining
27:36 Stone Mining
28:07 Fletching
28:44 Scale Mail Armor
31:30 Chain Mail Armor
33:05 Iron Casting
34:32 Wheelbarrow
34:25 Heavy Plow
35:33 Wheelbarrow
37:16 Town Watch
37:44 Bodkin Arrow
40:09 Hand Cart
44:43 Imperial Age
48:17 Imperial Age
48:54 Town Patrol
48:49 Capped Ram
48:56 Elite Serjeant
50:41 Blast Furnace
50:12 Plate Mail Armor
50:56 Conscription
50:11 Siege Ram
Zwanno
11:30 Feudal Age
13:42 Fletching
16:22 Castle Age
15:59 Arson
17:15 Scale Mail Armor
22:21 Loom
24:55 Gambesons
26:04 Double-Bit Axe
26:28 Squires
27:30 Horse Collar
29:38 Chain Mail Armor
30:54 Bodkin Arrow
35:34 Town Watch
44:35 Gold Mining
45:35 Hamask
49:58 Imperial Age
48:43 Forging
Connection lost

Rejoining the realm…

Still unreachable

The connection could not be restored.

Session expired

The server has moved on; the page needs a fresh start.